 Dungeon Crawl Stone Soup version 0.28-a0-128-gcbb86046cc (webtiles) character file.

Game seed: 14512557757825883350

226 drugrobin the Skirmisher (level 5, -1/47 HPs)
             Began as a Demigod Warper on Aug 16, 2021.
             Shot with a stone by a goblin (4 damage)
             ... on level 4 of the Dungeon.
             The game lasted 00:10:49 (5972 turns).

drugrobin the Skirmisher (Demigod Warper)           Turns: 5972, Time: 00:10:49

Health: -1/47      AC:  4    Str: 16    XL:     5   Next: 41%
Magic:  0/10       EV: 12    Int: 15    God:
Gold:   277        SH:  0    Dex: 13    Spells: 2/7 levels left

rFire   . . .      SeeInvis .   B - +0 dagger (venom)
rCold   . . .      Faith    .   (no shield)
rNeg    . . .      Spirit   +   x - +0 leather armour
rPois   +          Reflect  .   (no helmet)
rElec   .          Harm     .   w - +0 cloak
rCorr   .          Rampage  .   (no gloves)
Will    .....                   (no boots)
Stlth   +.........              n - amulet of guardian spirit
HPRegen 0.15/turn               e - ring of poison resistance
MPRegen 0.12/turn               (no ring)

@: hasted, very quick
A: high mp 1, forlorn
a: no special abilities


You were on level 4 of the Dungeon.
You visited 1 branch of the dungeon, and saw 4 of its levels.

You collected 277 gold pieces.

Inventory:

Hand Weapons
 a - a +0 spear
 b - a +0 hunting sling
 m - a +1 short sword of electrocution
 B - a +0 dagger of venom (weapon)
Missiles
 d - 5 boomerangs of dispersal
 g - 4 boomerangs (quivered)
 u - 10 poisoned darts
 y - 222 stones
 z - 16 sling bullets
Armour
 w - a +0 cloak (worn)
 x - a +0 leather armour (worn)
 A - a +0 pair of boots
Jewellery
 e - a ring of poison resistance (left hand)
 l - an amulet of the acrobat
 n - an amulet of guardian spirit (around neck)
Scrolls
 c - a scroll of blinking
 h - a scroll of identify {unknown}
 i - 2 scrolls of enchant armour {unknown}
 k - a scroll of amnesia {unknown}
 r - a scroll of noise {unknown}
 t - a scroll of enchant weapon {unknown}
 v - a scroll of immolation {unknown}
Potions
 f - a potion of degeneration {unknown}
 j - a potion of haste
 o - a potion of ambrosia {unknown}
 p - a potion of attraction {unknown}
 q - 2 potions of curing {unknown}
 s - a potion of lignification {unknown}


   Skills:
 + Level 4.7 Fighting
 - Level 3.0 Polearms
 - Level 0.8 Throwing
 - Level 0.8 Armour
 - Level 2.0 Dodging
 - Level 1.7 Spellcasting
 - Level 2.8 Translocations


You had 2 spell levels left.
You knew the following spells:

 Your Spells              Type           Power      Damage    Failure   Level
a - Teleport Other        Tloc           9%         N/A       26%         3
b - Blink                 Tloc           N/A        N/A       14%         2

Your spell library contained the following spells:

 Spells                   Type           Power      Damage    Failure   Level
 Gell's Gravitas          Tloc           4%         N/A       26%         3
 Lesser Beckoning         Tloc           4%         N/A       26%         3
 Manifold Assault         Tloc           9%         N/A       94%         5


Dungeon Overview and Level Annotations

Branches:
Dungeon (4/15)
 Temple: D:4-7

Shops:
D:1 :   D:2 [


Innate Abilities, Weirdness & Mutations

Your attributes grow dramatically as you level up.
You have an increased reservoir of magic. (+10% MP)
You shall have no god before yourself.


Message History

The hobgoblin looks as sick as possible!
The hobgoblin is almost dead.
You kill the hobgoblin!
The goblin shoots a stone.
The stone hits you but does no damage.
You closely miss the goblin. You hit the goblin.
The goblin is poisoned.
The goblin is heavily wounded.
You kill the goblin!
You closely miss the goblin.
The goblin shoots a stone.
The stone closely misses you. The goblin hits you but does no damage.
You miss the goblin.
The goblin shoots a stone.
The stone hits you.
* * * LOW HITPOINT WARNING * * *
The goblin shoots a stone.
The stone completely misses you. The goblin misses you.
You hit the goblin.
The goblin is heavily wounded.
The goblin shoots a stone.
The stone hits you but does no damage.
The goblin shoots a stone.
The stone completely misses you. The goblin hits you but does no damage.
Unknown command.
You miss the goblin.
The goblin is heavily wounded.
The goblin shoots a stone.
The stone hits you.
* * * LOW HITPOINT WARNING * * *
The goblin hits you with a +0 club.
* * * LOW HITPOINT WARNING * * *
Unknown command.
It was a potion of haste.
You feel yourself speed up. The goblin closely misses you.
The goblin shoots a stone.
The stone closely misses you.
The goblin shoots a stone.
The stone hits you.
* * * LOW HITPOINT WARNING * * *
The goblin shoots a stone.
The stone hits you.
* * * LOW HITPOINT WARNING * * *
The goblin shoots a stone.
The stone closely misses you.
Unknown command.
The goblin shoots a stone.
The stone barely misses you.
The goblin shouts!
The goblin shoots a stone.
The stone hits you.
You die...

......'.......#....#..)gg.g))....
......#########....#########)....
............)#)....g#..........##
......)...))))......g..........#
..†)........)#......#..........#
......#########....#########.....
......'.......#....# '.....
#.....#.......#.g..# #.....
################@'###############
≈≈≈≈≈≈≈≈≈≈≈≈≈≈......≈≈≈≈≈≈≈≈≈≈≈≈≈
≈≈≈≈≈≈≈≈≈≈≈≈≈≈≈.....≈≈≈≈≈≈≈≈≈≈≈≈≈
≈≈≈≈≈≈≈≈≈≈≈≈≈≈.g...≈≈≈≈≈≈≈≈≈≈≈≈≈≈
.≈≈.≈≈≈≈≈............≈...≈≈.≈.≈≈.
.................................
.....................)...........
##########..#########.#....##.##.
##.## #..[..###.###


You could see 4 goblins.

Vanquished Creatures
  An iron imp (D:3)
  An orc wizard (D:4)
  A hound skeleton (D:4)
  2 gnolls (D:4)
  2 adders
  An adder skeleton (D:4)
  A worm (D:3)
  A dart slug (D:2)
  3 orcs (D:4)
  6 endoplasms
  5 giant cockroaches
  26 goblins
  23 hobgoblins
  7 jackals
  3 ball pythons (D:1)
  3 bats (D:2)
  2 frilled lizards
  12 kobolds
  4 rats
104 creatures vanquished.

Notes
Turn   | Place    | Note
-------+----------+-------------------------------------------
     0 | D:1      | drugrobin the Demigod Warper began the quest for the Orb.
     0 | D:1      | Reached XP level 1. HP: 17/17 MP: 5/5
   228 | D:1      | Reached skill level 2 in Fighting
   645 | D:1      | Reached XP level 2. HP: 11/24 MP: 7/7
   890 | D:1      | Learned a level 2 spell: Blink
  1009 | D:1      | Found Fetameixt's Book Emporium.
  2003 | D:2      | Found Rulawn's Armour Boutique.
  2092 | D:2      | Reached XP level 3. HP: 30/30 MP: 8/8
  2735 | D:3      | Learned a level 3 spell: Teleport Other
  3827 | D:4      | Reached skill level 3 in Fighting
  3827 | D:4      | Reached XP level 4. HP: 38/38 MP: 9/9
  4968 | D:3      | Reached skill level 4 in Fighting
  5431 | D:4      | Reached XP level 5. HP: 46/46 MP: 8/10
  5969 | D:4      | HP: 2/47 [goblin/stone (2)]
  5972 | D:4      | Shot with a stone by a goblin

Illustrated notes

Levels and vault maps discovered:
D:1:      dpeg_arrival_round_a, layout_basic, serial_shops,
          nicolae_lakefront_shop, chequers_serial_rivers_micro_a,
          chequers_serial_rivers_micro_b, chequers_jeans
D:2:      layout_basic, serial_shops, shop, supply_closet_lemuel,
          minmay_crystal_water, corner_web_ring
D:3:      layout_loops_corners, old_standard_altar,
          lemuel_coloured_pillars_altar
D:4:      minmay_goblin_kobold_castle, layout_cave_pods, slow_altar_1

Skill      XL: |  1  2  3  4 |
---------------+-------------+-----
Dodging        | 2 |  2.0
Fighting       | 2 3 4 |  4.7
Polearms       | 2 3 |  3.0
Throwing       | |  0.8
Armour         | |  0.8
Spellcasting   | |  1.7
Translocations | |  2.8

Action                   |  1- 3 |  4- 6 || total
-------------------------+-------+-------++-------
Melee: Spear             |   145 |    44 ||   189
       Short sword       |    57 |   115 ||   172
       Dagger            |       |    46 ||    46
 Fire: Hunting sling     |       |     4 ||     4
Throw: Boomerang         |     6 |     1 ||     7
 Cast: Blink             |       |     3 ||     3
  Use: Potion            |       |     1 ||     1
Armor: Leather armour    |    40 |    54 ||    94
Dodge: Dodged            |   115 |   129 ||   244

Table legend: (Time is in decaauts)
 A = Elapsed time spent in this place.
 B = Non-inter-level travel time spent in this place.
 C = Inter-level travel time spent in this place.
 D = Time resting spent in this place.
 E = Time spent auto-exploring this place.
 F = Levels seen in this place.
 G = Mean time per level.
                   A        B        C        D        E       F      G
               +--------+--------+--------+--------+--------+-----+--------+
         Total |   5984 |   5841 |    143 |   1526 |   3095 |   4 | 1496.0 |
       Dungeon |   5984 |   5841 |    143 |   1526 |   3095 |   4 | 1496.0 |
               +--------+--------+--------+--------+--------+-----+--------+

Top non-repeatable levels by time:
     D:4: 1850 daAuts
     D:3: 1810 daAuts
     D:1: 1752 daAuts
     D:2: 570 daAuts
